Map: Pendiente de Agustín EE

Players

MrFercho

  • Race: Zerg Zerg
  • League: Gold
  • Spawn Location: 5:00

TATORREA

  • Race: Protoss Protoss
  • League: Gold
  • Spawn Location: 6:00

tigro

  • Race: Terran Terran
  • League: Bronze
  • Spawn Location: 6:00

Nuga - Winner!

  • Race: Zerg Zerg
  • Spawn Location: 12:00

Dabosaurus - Winner!

  • Race: Protoss Protoss
  • Spawn Location: 12:00

RuBones - Winner!

  • Race: Terran Terran
  • Spawn Location: 11:00

VOD

Have the link to the VOD?

Description

Time

  • Played on: Aug. 9, 2020, 8:32 p.m.
  • Length: 10:12
Show
View Real Time Build Order
Export as new Build Order

MrFercho Zerg 

Build Orders: Hatch First 

Get SALT Encoding   

  12  0:04  Drone  
  13  0:14  Overlord  
  13  0:17  Drone  
  14  0:34  Drone x2  
  16  0:56  Drone x2  
  18  0:57  Hatchery  
  17  1:05  Drone  
  17  1:10  Extractor  
  17  1:19  Spawning Pool  
  16  1:31  Drone x3  
  19  1:43  Overlord  
  19  1:55  Drone  
  20  2:06  Zergling x2, Queen  
  23  2:09  Queen  
  23  2:11  Zergling x2  
  26  2:23  Drone x2  
  28  2:52  Overlord  
  28  2:55  Drone x5  
  33  3:03  Lair  
  33  3:05  Drone  
  33  3:07  Drone  
  35  3:18  Zergling x2  
  35  3:19  Zergling x2  
  37  3:27  Queen  
  37  3:29  Overlord  
  37  3:30  Zergling x2  
  37  3:31  Zergling x6  
  43  3:40  Spine Crawler  
  42  3:44  Zergling x2  
  42  3:45  Zergling x2  
  42  3:57  Zergling x2  
  42  3:58  Zergling x6  
  45  4:12  Roach Warren  
  44  4:17  Zergling x10  
  43  4:59  Roach  
  51  5:00  Roach x3  
  51  5:01  Overlord x4  
  51  5:15  Glial Reconstitution  
  50  5:31  Roach  
  50  5:32  Roach x6  
  64  5:44  Overlord  
  64  5:47  Drone x5  
  58  6:13  Roach x5  
  66  6:30  Evolution Chamber, Drone x6  
  66  6:32  Evolution Chamber  
  70  6:49  Extractor  
  70  6:51  Extractor  
  70  6:53  Hydralisk Den  
  67  7:23  Zerg Missile Weapons Level 1  
  67  7:26  Drone  
  67  7:27  Drone x2  
  70  7:42  Grooved Spines  
  70  7:58  Hatchery, Zerg Ground Armor Level 1  
  69  7:59  Drone  
  69  8:00  Drone x3  
  73  8:25  Spore Crawler, Drone  
  73  8:35  Lurker Den  
  73  8:40  Drone  
  73  8:41  Infestation Pit  
  72  8:50  Drone x12  
  72  8:51  Drone x8  
  72  8:53  Overlord x3  
  72  8:54  Muscular Augments  
  92  9:01  Hatchery  
  91  9:14  Overlord x3  
  91  9:17  Extractor  
  91  9:19  Drone, Extractor  
  91  9:20  Drone x2  
  91  9:21  Drone x4  
  96  9:28  Hydralisk x2  
  61  9:40  Hydralisk  
  61  9:41  Hydralisk x4  
Show
View Real Time Build Order
Export as new Build Order

TATORREA Protoss 

Build Orders:  

Get SALT Encoding   

  12  0:04  Probe  
  13  0:17  Probe  
  14  0:29  Probe, Pylon  
  15  0:47  Probe  
  16  0:52  Gateway  
  16  0:59  Probe  
  17  1:11  Probe, Gateway  
  18  1:23  Probe  
  19  1:25  Assimilator  
  19  1:28  Pylon  
  19  1:32  Pylon  
  19  1:40  Probe  
  20  2:05  Assimilator  
  21  2:08  Probe  
  21  2:20  Cybernetics Core  
  21  2:24  Probe  
  22  2:48  Probe  
  23  3:02  Robotics Facility  
  23  3:04  Twilight Council  
  23  3:12  Nexus  
  23  3:25  Stalker (Chrono Boost)  
  25  3:30  Stalker (Chrono Boost)  
  26  4:03  Immortal (Chrono Boost)  
  34  4:45  Warp Gate (Chrono Boost)  
  34  4:50  Stalker x2  
  34  5:00  Pylon  
  34  5:06  Nexus  
  34  5:07  Pylon  
  34  5:10  Pylon  
  34  5:18  Probe  
  33  5:48  Pylon  
  33  5:50  Probe  
  32  6:02  Probe  
  31  6:14  Probe  
  32  6:20  Immortal (Chrono Boost)  
  32  6:21  Charge (Chrono Boost)  
  36  6:26  Probe  
  36  6:27  Probe  
  36  6:31  Stalker x2  
  42  6:38  Probe  
  42  6:39  Probe  
  44  6:50  Probe  
  44  6:51  Probe  
  44  6:52  Immortal, Forge  
  44  6:53  Forge  
  50  6:56  Zealot  
  50  6:59  Zealot  
  54  7:03  Probe x2  
  56  7:13  Assimilator  
  56  7:15  Probe x2  
  58  7:18  Assimilator  
  58  7:27  Probe x2  
  60  7:31  Immortal  
  60  7:35  Protoss Ground Weapons Level 1 (Chrono Boost)  
  60  7:36  Protoss Shields Level 1 (Chrono Boost)  
  64  7:42  Probe x2  
  66  7:54  Probe x2  
  66  7:55  Blink  
  68  7:58  Stargate  
  68  8:06  Probe  
  68  8:07  Probe  
  68  8:11  Pylon  
  70  8:18  Pylon  
  70  8:29  Probe x2, Immortal, Pylon  
  76  8:36  Pylon  
  76  8:41  Pylon  
  76  8:45  Nexus  
  76  8:47  Pylon  
  76  8:49  Pylon  
  76  8:57  Probe x2  
  78  9:09  Probe x2, Immortal  
  84  9:11  Void Ray  
  88  9:21  Probe x2  
  90  9:24  Robotics Bay  
  88  9:45  Stalker x2  
Show
View Real Time Build Order
Export as new Build Order

tigro Terran 

Build Orders:  

Get SALT Encoding   

  12  0:13  SCV  
  13  0:16  Supply Depot  
  13  0:25  SCV  
  14  0:37  SCV  
  15  0:44  Barracks  
  15  0:49  SCV, Refinery  
  16  1:01  SCV  
  17  1:13  SCV  
  17  1:17  Supply Depot  
  18  1:26  SCV  
  19  1:48  Refinery  
  19  2:02  Marine  
  19  2:06  SCV  
  21  2:16  Engineering Bay  
  21  2:18  SCV  
  21  2:20  Marine  
  23  2:30  SCV, Factory  
  24  2:38  Marine  
  24  2:43  SCV  
  26  2:50  Terran Infantry Weapons Level 1  
  26  2:55  SCV  
  26  2:56  Marine  
  28  3:08  Orbital Command  
  28  3:13  Marine  
  28  3:16  Factory Tech Lab  
  29  3:28  Starport  
  29  3:48  Barracks Tech Lab  
  29  4:04  Siege Tank  
  29  4:09  Marine  
  28  4:12  Stimpack  
  28  4:27  Marine  
  29  4:40  Factory Tech Lab  
  29  4:44  Marine, Terran Infantry Armor Level 1  
  30  5:01  Medivac  
  30  5:02  Marine  
  33  5:20  Marine  
  32  5:38  Marine  
  33  5:45  Siege Tank  
  36  5:51  Combat Shield, Starport Tech Lab  
  36  5:56  Marine  
  37  5:59  Barracks  
  37  6:14  Marine  
  37  6:18  Command Center  
  38  6:31  Marine  
  39  6:36  Siege Tank  
  42  6:49  Marine  
  43  7:05  Refinery  
  43  7:07  Marine  
  44  7:25  Marine  
  45  7:40  Barracks Reactor  
  45  7:43  Marine  
  46  7:48  SCV  
  47  7:57  Refinery  
  47  7:58  Missile Turret  
  47  8:00  SCV  
  48  8:12  SCV  
  49  8:21  Missile Turret  
  49  8:24  SCV, Armory  
  49  8:25  Marine x3  
  53  8:33  Supply Depot  
  53  8:36  SCV  
  53  8:40  Siege Tank  
  57  8:42  Marine  
  57  8:43  Marine x2  
  57  8:44  Missile Turret  
  60  8:49  SCV  
  61  8:56  Supply Depot  
  61  9:00  Marine x3  
  61  9:01  SCV  
  65  9:06  Missile Turret  
  65  9:13  SCV  
  66  9:18  Marine x3  
  69  9:25  SCV  
  70  9:36  Marine  
  70  9:37  SCV  
  72  9:41  Missile Turret  
  67  9:49  SCV  
  67  9:51  Marine x2  
  53  9:54  Marine  
  54  10:02  Missile Turret  
Show
View Real Time Build Order
Export as new Build Order

Nuga Zerg - Winner!

Build Orders: Hatch First 

Get SALT Encoding   

  12  0:00  Drone  
  13  0:14  Overlord  
  13  0:20  Drone  
  14  0:33  Drone x2  
  16  0:52  Drone  
  16  0:53  Hatchery  
  16  0:57  Drone  
  16  1:01  Drone  
  18  1:13  Extractor  
  17  1:20  Drone  
  17  1:21  Spawning Pool  
  17  1:24  Drone  
  18  1:29  Drone  
  19  1:48  Drone  
  20  2:02  Drone  
  20  2:03  Drone  
  22  2:09  Queen  
  22  2:10  Queen  
  26  2:19  Zergling x2  
  26  2:20  Zergling x2  
  26  2:22  Overlord  
  28  2:24  Overlord  
  28  2:30  Metabolic Boost  
  28  2:48  Drone x2  
  28  2:50  Drone x3  
  33  3:00  Roach Warren  
  33  3:04  Queen  
  34  3:08  Drone x3  
  37  3:15  Extractor  
  36  3:25  Lair  
  37  3:27  Drone x3  
  37  3:30  Drone x4  
  37  3:31  Extractor  
  42  3:38  Zergling x4  
  44  3:55  Overlord  
  44  3:56  Overlord x2  
  44  4:01  Overlord  
  44  4:16  Roach x3  
  49  4:49  Roach x7  
  49  4:50  Roach  
  64  5:02  Roach x4  
  70  5:12  Spore Crawler x2  
  68  5:25  Glial Reconstitution  
  68  5:41  Roach x3  
  68  5:42  Roach  
  76  5:44  Overlord x2  
  76  5:54  Drone  
  76  5:55  Drone x3, Extractor  
  53  6:14  Hatchery  
  48  6:21  Roach x2  
  48  6:22  Roach x6  
  64  6:35  Overseer  
  64  6:36  Overseer  
  64  6:39  Pneumatized Carapace  
  64  6:54  Roach x2  
  64  6:55  Roach x6  
  80  7:32  Evolution Chamber, Drone x2  
  80  7:33  Evolution Chamber, Drone x2  
  80  7:34  Overlord  
  80  7:35  Overlord  
  82  7:50  Spire  
  81  8:08  Roach x5  
  81  8:09  Roach x7  
  105  8:17  Drone x4  
  105  8:18  Drone x2  
  111  8:32  Hatchery, Ravager x3  
  111  8:33  Ravager  
  114  8:35  Overlord x4  
  114  9:11  Infestation Pit  
  114  9:15  Extractor  
  112  9:17  Extractor  
Show
View Real Time Build Order
Export as new Build Order

Dabosaurus Protoss - Winner!

Build Orders:  

Get SALT Encoding   

  12  0:02  Probe (Chrono Boost)  
  13  0:18  Probe  
  13  0:20  Pylon  
  14  0:57  Forge  
  14  0:59  Probe  
  15  1:09  Pylon  
  16  1:11  Probe  
  16  1:23  Probe  
  17  1:35  Probe  
  17  1:47  Gateway  
  17  1:52  Pylon  
  17  1:54  Probe (Chrono Boost)  
  17  1:57  Pylon  
  18  2:05  Probe (Chrono Boost)  
  19  2:09  Probe (Chrono Boost)  
  20  2:20  Nexus  
  20  2:21  Probe  
  21  2:25  Assimilator  
  21  2:28  Assimilator  
  21  2:32  Gateway  
  21  2:33  Probe  
  21  2:50  Cybernetics Core  
  21  2:58  Probe (Chrono Boost)  
  22  3:27  Stalker x2  
  24  3:30  Probe (Chrono Boost)  
  27  3:36  Probe (Chrono Boost)  
  27  3:39  Protoss Ground Weapons Level 1  
  27  3:40  Probe (Chrono Boost)  
  29  3:44  Probe (Chrono Boost)  
  29  3:47  Probe (Chrono Boost)  
  31  3:49  Probe (Chrono Boost)  
  32  3:56  Probe  
  32  4:01  Probe  
  34  4:05  Assimilator  
  34  4:07  Assimilator  
  34  4:08  Probe  
  35  4:13  Probe  
  36  4:21  Stargate  
  36  4:23  Stalker (Chrono Boost)  
  36  4:24  Pylon  
  40  4:32  Stalker (Chrono Boost)  
  40  4:50  Stalker  
  42  4:54  Stalker  
  42  4:59  Probe (Chrono Boost)  
  45  5:09  Probe (Chrono Boost)  
  45  5:13  Probe (Chrono Boost)  
  47  5:14  Probe (Chrono Boost)  
  47  5:19  Photon Cannon  
  47  5:20  Stalker  
  50  5:22  Photon Cannon  
  50  5:24  Probe  
  50  5:26  Probe  
  48  5:28  Photon Cannon  
  48  5:31  Stargate  
  44  5:36  Probe  
  44  5:38  Probe  
  44  5:39  Protoss Air Weapons Level 1  
  46  5:48  Probe  
  49  5:50  Probe  
  49  5:54  Stalker (Chrono Boost)  
  50  6:00  Probe  
  50  6:03  Stalker (Chrono Boost)  
  49  6:28  Void Ray (Chrono Boost)  
  57  6:37  Void Ray (Chrono Boost), Probe (Chrono Boost)  
  58  6:42  Pylon  
  58  6:44  Pylon  
  58  6:48  Pylon  
  58  6:53  Fleet Beacon  
  58  7:03  Void Ray  
  62  7:13  Void Ray, Assimilator, Nexus  
  62  7:15  Assimilator  
  66  7:22  Stalker x2  
  70  7:46  Void Ray, Protoss Air Armor Level 1 (Chrono Boost)  
  74  7:52  Probe  
  74  7:56  Void Ray  
  79  8:04  Probe  
  80  8:07  Stargate  
  80  8:08  Stargate  
  80  8:11  Flux Vanes  
  80  8:16  Probe  
  81  8:28  Probe  
  81  8:29  Void Ray  
  86  8:41  Void Ray  
  87  8:43  Probe (Chrono Boost)  
  87  8:45  Probe (Chrono Boost)  
  93  8:56  Probe (Chrono Boost)  
  93  8:59  Probe (Chrono Boost)  
  93  9:00  Void Ray  
  99  9:05  Probe (Chrono Boost)  
  99  9:06  Probe (Chrono Boost)  
  100  9:12  Probe (Chrono Boost), Pylon  
  100  9:16  Pylon  
  101  9:19  Pylon  
  101  9:30  Probe x2  
  105  9:42  Probe  
  104  9:54  Probe  
Show
View Real Time Build Order
Export as new Build Order

RuBones Terran - Winner!

Build Orders:  

Get SALT Encoding   

  12  0:00  SCV  
  13  0:12  SCV  
  14  0:23  Supply Depot  
  14  0:24  SCV  
  15  0:44  SCV  
  15  0:46  Supply Depot  
  16  0:54  Barracks  
  16  0:56  SCV  
  17  1:06  Barracks  
  17  1:08  SCV  
  18  1:20  SCV  
  18  1:22  Barracks  
  19  1:33  SCV  
  19  1:35  Refinery  
  20  1:42  Marine  
  21  1:48  Orbital Command  
  21  1:55  Marine  
  22  2:01  Marine  
  23  2:12  Marine  
  23  2:14  Engineering Bay, Marine  
  25  2:19  Marine  
  25  2:21  Supply Depot  
  26  2:30  Marine  
  26  2:32  Marine  
  28  2:45  Refinery, Marine  
  28  2:48  Terran Infantry Weapons Level 1, Marine  
  28  2:50  Marine  
  31  2:55  SCV  
  32  3:03  Marine  
  33  3:06  Marine  
  33  3:08  Marine  
  35  3:21  Marine  
  35  3:23  Supply Depot  
  35  3:24  Marine  
  35  3:25  SCV, Marine  
  39  3:45  SCV, Marine x3  
  43  3:57  SCV  
  44  4:02  Marine x3  
  45  4:20  Marine x2  
  36  4:40  Marine x2  
  36  4:41  Marine  
  39  4:47  Factory  
  39  4:53  Command Center  
  39  5:05  Reaper x3  
  35  5:37  Reaper  
  28  5:48  Factory Reactor  
  28  5:50  Starport  
  28  5:53  Missile Turret  
  28  5:56  Marine x2  
  30  6:08  Orbital Command, Marine  
  31  6:13  Missile Turret  
  31  6:14  Marine x2  
  33  6:26  Command Center, Marine  
  33  6:32  Marine x2, Liberator  
  39  6:37  Factory  
  39  6:44  Marine  
  40  6:48  Bunker  
  40  6:50  Marine x2  
  42  6:59  Bunker  
  42  7:02  Marine  
  42  7:08  SCV, Marine x2  
  46  7:11  SCV  
  47  7:20  Missile Turret  
  47  7:36  SCV  
  48  7:41  Missile Turret  
  48  7:43  Orbital Command  
  48  7:48  SCV, Refinery  
  49  7:52  Liberator  
  49  7:55  Factory Tech Lab  
  49  7:56  Factory  
  52  8:00  SCV  
  52  8:01  Barracks Reactor  
  52  8:05  Barracks Tech Lab  
  53  8:08  Barracks Reactor, SCV  
  53  8:12  SCV  
  55  8:19  SCV  
  56  8:20  SCV  
  56  8:24  SCV  
  58  8:31  SCV  
  58  8:32  SCV  
  60  8:43  SCV  
  61  8:49  SCV  
  61  8:51  Sensor Tower  
  61  8:52  Refinery  
  61  8:55  Refinery  
  62  8:56  SCV  
  62  9:01  SCV  
  64  9:07  Siege Tank, Factory Tech Lab  
  64  9:08  SCV  
  68  9:13  SCV  
  69  9:20  SCV  
  70  9:25  SCV  
  71  9:32  SCV  
  71  9:38  SCV  
  73  9:39  Siege Tank  
  73  9:44  SCV  
  77  9:55  Starport Reactor  
  77  10:08  Supply Depot  
  77  10:10  Supply Depot  
Tags
 
Add a new tag
Caveats
  • Supply blocks, unpowered buildings, or Contaminate may cause inaccurate times.
  • Supply counts are checked every 10 seconds.